 Dungeon Crawl Stone Soup version 0.22-a0-772-gac08f70 (webtiles) character file.

2695 sking99 the Grappler (level 9, -1/84 HPs)
             Began as an Ogre Transmuter on July 17, 2018.
             Was a Follower of Qazlal.
             Slain by a yak (11 damage)
             ... on level 7 of the Dungeon.
             The game lasted 00:15:46 (10709 turns).

sking99 the Grappler (Ogre Transmuter)             Turns: 10709, Time: 00:15:46

Health: -1/84      AC:  2    Str: 16    XL:     9   Next: 65%
Magic:  9/13       EV: 20    Int: 14    God:    Qazlal [*.....]
Gold:   362        SH:  2    Dex: 17    Spells: 3/12 levels left

rFire    . . .     SeeInvis .     - Unarmed
rCold    . . .     Gourm    .   (shield currently unavailable)
rNeg     . . .     Faith    .   (armour currently unavailable)
rPois    x         Spirit   .   (helmet currently unavailable)
rElec    .         Reflect  .   (cloak currently unavailable)
rCorr    .         Harm     .   (gloves unavailable)
MR       .....                  (boots unavailable)
Stlth    +.........             (no amulet)
HPRegen  0.24/turn              (no ring)
MPRegen  0.13/turn              (no ring)

@: spider-form
A: tiny, unfitting armour
a: End Transformation, Renounce Religion


You were on level 7 of the Dungeon.
You worshipped Qazlal.
Qazlal was aware of your devotion.
You were not hungry.
You were a venomous arachnid creature.
You visited 1 branch of the dungeon, and saw 8 of its levels.

You collected 362 gold pieces.

Inventory:

Missiles
 a - 109 arrows
Armour
 b - a +0 robe (melded)
 m - a +1 cloak (melded)
 u - a scarf of repulsion
Jewellery
 i - a +3 ring of dexterity {unknown}
 t - a cursed -2 ring of intelligence {unknown}
Wands
 k - a wand of random effects (27)
 q - a wand of clouds (5)
Scrolls
 e - 6 scrolls of teleportation
 f - a scroll of enchant armour
 o - 2 scrolls of blinking
 v - 2 scrolls of amnesia
 x - a scroll of identify
Potions
 c - 3 potions of curing
 g - a potion of lignification {unknown}
 h - a potion of invisibility
 j - 3 potions of flight
 l - 2 potions of berserk rage
 n - 4 potions of haste
 r - a potion of heal wounds {unknown}
 s - a potion of degeneration {unknown}
 w - a potion of brilliance {unknown}
Comestibles
 d - 10 rations


   Skills:
 - Level 4.0 Fighting
 - Level 2.5 Dodging
 * Level 9.6 Unarmed Combat
 - Level 2.4 Spellcasting
 * Level 4.1 Transmutations
 + Level 0.4 Ice Magic
 - Level 1.0 Poison Magic
 + Level 5.9 Invocations


You had 3 spell levels left.
You knew the following spells:

 Your Spells              Type           Power        Failure   Level  Hunger
a - Ice Form              Ice/Tmut       #.......     83%         4    #####..
b - Sticks to Snakes      Tmut           ##......     17%         2    ###....
c - Spider Form           Tmut/Pois      #.........   45%         3    ###....

Your spell library contained the following spells:

 Spells                   Type           Power        Failure   Level  Hunger
 Blade Hands              Tmut           ##........   89%         5    ######.
 Beastly Appendage        Tmut           ##....       13%         1    #......


Dungeon Overview and Level Annotations

Branches:
Dungeon (8/15)             Temple (0/1) D:5
   Lair: D:8-11

Altars:
Cheibriados
Elyvilon
Fedhas
Gozag
Hepliaklqana
Okawaru
Qazlal
Sif Muna
Vehumet
The Shining One

Shops:
D:6 (


Innate Abilities, Weirdness & Mutations

You are too large for most types of armour.
((You have tough skin. (AC +1)))


Message History

The wolf misses you. The wolf barely misses you.
Your transformation has ended.
Your +1 cloak unmelds from your body.
Your +0 robe unmelds from your body.
The wolf bites you!
* * * LOW HITPOINT WARNING * * *
Casting: Spider Form (safe; 24% risk of failure)
Confirm with . or Enter, or press ? or * to list all spells.
You turn into a venomous arachnid creature.
Your +1 cloak melds into your body.
Your +0 robe melds into your body.
The wolf misses you. The yak misses you. The wolf misses you.
You closely miss the wolf.
The wolf is heavily wounded.
The wolf bites you!
* * * LOW HITPOINT WARNING * * *
The yak misses you.
You closely miss the wolf.
The wolf is heavily wounded.
The wolf misses you. The yak gores you!
You die...

#.# #.......#.#...
##########.#
#.........#.##
#........#'###############
#.............#
#.......>.....#
#.............#
#.......Y#'####
#......YY#Y#
#####........#s#
#...'......Y§§h#
#.###.......Y..# #.#
########...# ## #.#
#.....#...# #. #.#
#.........# #. #.#
#.........# #. #.#
#.........####### ######.
#(# #...............#
#......


You could see 3 yaks and a wolf.

Vanquished Creatures
  Sigmund (D:6)
  A yak (D:8)
  Menkaure (D:4)
  A water moccasin (D:5)
  An orc warrior (D:7)
  An ice beast (D:6)
  3 ogres
  3 centaurs
  3 phantoms
  Blork the orc (D:5)
  A bullfrog (D:6)
  A scorpion (D:5)
  3 howler monkeys
  3 crimson imps
  A quasit (D:6)
  2 hounds
  A bullfrog zombie (D:7)
  A jelly (D:5)
  7 orc wizards
  3 orc priests
  A centaur skeleton (D:6)
  An iguana (D:6)
  Ijyb (D:2)
  3 worker ants
  A hound zombie (D:5)
  9 adders
  2 shadow imps (D:6)
  An ooze (D:5)
  5 worms
  5 dart slugs
  4 leopard geckos
  23 orcs
  2 ball pythons
  5 giant cockroaches
  13 goblins
  8 hobgoblins
  4 quokkas
  5 bats
  9 frilled lizards
  2 jackal skeletons
  7 kobolds
  A leopard gecko skeleton (D:5)
  A quokka skeleton (D:5)
  9 rats
161 creatures vanquished.

Vanquished Creatures (others)
  An orc wizard (D:4)
1 creature vanquished.

Grand Total: 162 creatures vanquished

Notes
Turn   | Place    | Note
-------+----------+-------------------------------------------
     0 | D:1      | sking99 the Ogre Transmuter began the quest for the Orb.
     0 | D:1      | Reached XP level 1. HP: 19/19 MP: 3/3
   233 | D:1      | Reached skill level 3 in Unarmed Combat
   233 | D:1      | Reached XP level 2. HP: 25/28 MP: 1/5
   296 | D:1      | Learned a level 2 spell: Sticks to Snakes
  1161 | D:2      | Reached XP level 3. HP: 35/36 MP: 6/6
  1460 | D:2      | Learned a level 3 spell: Spider Form
  1834 | D:2      | Noticed Ijyb
  1855 | D:2      | Reached XP level 4. HP: 36/44 MP: 7/7
  1973 | D:2      | Killed Ijyb
  2242 | D:2      | Reached skill level 4 in Unarmed Combat
  2462 | D:2      | Found a snail-covered altar of Cheibriados.
  2644 | D:2      | Reached skill level 1 in Poison Magic
  2914 | D:3      | Reached XP level 5. HP: 52/53 MP: 4/8
  3014 | D:3      | Found a white marble altar of Elyvilon.
  3406 | D:3      | Found a deep blue altar of Sif Muna.
  3582 | D:3      | Found a stormy altar of Qazlal.
  4378 | D:4      | Noticed an ogre
  4378 | D:4      | Noticed an ogre
  4425 | D:4      | Killed an ogre
  4425 | D:4      | Reached skill level 5 in Unarmed Combat
  4425 | D:4      | Reached XP level 6. HP: 11/61 MP: 2/9
  4977 | D:4      | Noticed Menkaure
  4991 | D:4      | Killed Menkaure
  4991 | D:4      | Reached XP level 7. HP: 31/67 MP: 3/10
  5198 | D:4      | Reached skill level 6 in Unarmed Combat
  6028 | D:3      | Became a worshipper of Qazlal Stormbringer
  6156 | D:5      | Entered Level 5 of the Dungeon
  6268 | D:5      | Reached skill level 1 in Invocations
  6324 | D:5      | Found a staircase to the Ecumenical Temple.
  6400 | D:5      | Reached skill level 7 in Unarmed Combat
  6400 | D:5      | Reached XP level 8. HP: 47/75 MP: 4/11
  7161 | D:5      | Found an iron altar of Okawaru.
  7168 | D:5      | Found a radiant altar of Vehumet.
  7440 | D:5      | Found a glowing golden altar of the Shining One.
  7564 | D:5      | Noticed Blork the orc
  7577 | D:5      | Killed Blork the orc
  8018 | D:5      | Found a hazy altar of Hepliaklqana.
  8066 | D:6      | Found Ujum's Antique Weapon Shoppe.
  8206 | D:6      | Reached * piety under Qazlal
  8240 | D:6      | Reached skill level 8 in Unarmed Combat
  8606 | D:6      | Found an opulent altar of Gozag.
  8686 | D:6      | Reached XP level 9. HP: 62/81 MP: 8/12
  8922 | D:6      | Reached skill level 9 in Unarmed Combat
  8922 | D:6      | Reached skill level 5 in Invocations
  9193 | D:6      | Noticed Sigmund
  9212 | D:6      | Killed Sigmund
 10547 | D:7      | Found a blossoming altar of Fedhas.
 10688 | D:7      | Learned a level 4 spell: Ice Form
 10709 | D:7      | Slain by a yak

Vault maps used:
D:1:      kennysheep_arrival_forest
D:2:      kennysheep_the_goblin_king, lemuel_round_altar
D:3:      grunt_qazlal_sundering, lemuel_blue_sif_altar, elyvilon_altar_1,
          kennysheep_another_room
D:4:      first_ration, uniq_menkaure
D:5:      tso_metal_star, amethyst_overflow_temple_binary, kennysheep_mini_moat,
          minmay_temple_entry_large_hall, uniq_blork_the_orc
D:6:      grunt_gozag_statues, serial_shops, nicolae_shop_window_shopping,
          uniq_sigmund
D:7:      lemuel_round_altar, minivault_23
D:8:      kennysheep_mini, minmay_lair_entry_grove, uniq_grum, uniq_maurice

Skill      XL: |  1  2  3  4  5  6  7  8  9 |
---------------+----------------------------+-----
Unarmed Combat | 3 4 5 7 8 9 |  9.6
Fighting       | 2 3 4 |  4.0
Transmutations | 2 3 4 |  4.1
Poison Magic   | 1 |  1.0
Invocations    | 2 4 5 |  5.9
Dodging        | 2 |  2.5
Spellcasting   | |  2.4
Ice Magic      | |  0.4

Action                   |  1- 3 |  4- 6 |  7- 9 || total
-------------------------+-------+-------+-------++-------
Melee: Unarmed           |   154 |   211 |   348 ||   713
       Kick              |     1 |     4 |       ||     5
       Punch             |     3 |     3 |     1 ||     7
       Headbutt          |       |     5 |       ||     5
 Cast: Beastly Appendage |     5 |     2 |       ||     7
       Spider Form       |       |    15 |    37 ||    52
       Sticks to Snakes  |       |     5 |     3 ||     8
  Use: Scroll            |       |     9 |     3 ||    12
  Eat: Chunk             |     3 |    13 |    17 ||    33
       Ration            |       |       |     2 ||     2
Armor: Robe              |    38 |    41 |    48 ||   127
       Skin              |       |     6 |     9 ||    15
Dodge: Dodged            |    63 |   101 |   225 ||   389
Block: Other             |       |       |     8 ||     8

Table legend:
 A = Spawn XP
 B = Non-spawn XP
 C = Spawn XP percentage of total XP
 D = Spawn monster count
 E = Non-spawn monster count
 F = Spawn count percentage of total count
 G = Total turns spent on level
                    A         B        C        D         E        F      G
               +---------+---------+-------+---------+---------+-------+---------
         Total |       0 |    3850 |   0.0 |       0 |     162 |   0.0 | 10709
               +---------+---------+-------+---------+---------+-------+---------
           D:1 |       0 |      32 |   0.0 |       0 |      19 |   0.0 |  1128
           D:2 |       0 |     126 |   0.0 |       0 |      32 |   0.0 |  1752
           D:3 |       0 |     102 |   0.0 |       0 |      20 |   0.0 |  1085
           D:4 |       0 |     577 |   0.0 |       0 |      26 |   0.0 |  2191
           D:5 |       0 |     899 |   0.0 |       0 |      28 |   0.0 |  1910
           D:6 |       0 |    1082 |   0.0 |       0 |      18 |   0.0 |  1441
           D:7 |       0 |     833 |   0.0 |       0 |      18 |   0.0 |  1191
           D:8 |       0 |     199 |   0.0 |       0 |       1 |   0.0 |    11
               +---------+---------+-------+---------+---------+-------+---------
